 Dungeon Crawl Stone Soup version 0.27.0-1-g7a089689b8 (webtiles) character file.

Game seed: 2459084747385933172

10301 ZombieSheep the Fighter (level 11, -1/95 HPs)
             Began as a Red Draconian Warper on Aug 3, 2021.
             Was an Initiate of Hepliaklqana.
             Slain by a polar bear (5 damage)
             ... on level 2 of the Lair of Beasts.
             The game lasted 00:52:05 (14852 turns).

ZombieSheep the Fighter (Red Draconian Warper)     Turns: 14852, Time: 00:52:05

Health: -1/95      AC:  9    Str: 13    XL:     11   Next: 34%
Magic:  22/22      EV: 12    Int: 17    God:    Hepliaklqana [......]
Gold:   612        SH:  9    Dex: 11    Spells: 10/24 levels left

rFire    + . .     SeeInvis .   a - +4 dagger (freeze)
rCold    . . .     Faith    .   v - +0 buckler
rNeg     . . .     Spirit   .   (armour unavailable)
rPois    .         Reflect  +   (helmet restricted)
rElec    .         Harm     .   w - +0 cloak
rCorr    .         Rampage  .   (no gloves)
Will     +....                  p - +0 pair of boots
Stlth    +++.......             y - amulet of reflection
HPRegen  0.25/turn              h - ring of willpower
MPRegen  0.18/turn              (no ring)

@: no status effects
A: breathe fire, AC +7, unfitting armour, fire resistance 1, cold-blooded
a: Breathe Fire, Renounce Religion


You were on level 2 of the Lair of Beasts.
You worshipped Hepliaklqana.
Hepliaklqana was noncommittal.
You visited 3 branches of the dungeon, and saw 13 of its levels.
You also visited: Sewer.

You collected 675 gold pieces.
You spent 63 gold pieces at shops.

Inventory:

Hand Weapons
 a - a +4 dagger of freezing (weapon)
 b - a +2 hand axe of flaming
 d - a +2 dagger of draining
 k - a +3 dagger
 E - a +4 falchion
 J - a +0 short sword
Missiles
 c - 4 boomerangs of dispersal
 r - 6 boomerangs
 x - 4 silver boomerangs
 H - 5 throwing nets (quivered)
Armour
 l - a +0 kite shield
 p - a +0 pair of boots (worn)
 v - a +0 buckler (worn)
 w - a +0 cloak (worn)
Jewellery
 h - a ring of willpower (left hand)
 y - an amulet of reflection (around neck)
 G - an amulet of the acrobat
Wands
 A - a wand of polymorph (12)
 K - a wand of paralysis (11)
 M - a wand of acid (7)
Scrolls
 g - 5 scrolls of blinking
 q - 2 scrolls of enchant weapon
 s - 2 scrolls of amnesia
 B - a scroll of teleportation
 C - 3 scrolls of enchant armour
 L - a scroll of fear
Potions
 e - a potion of invisibility
 f - a potion of might
 i - 8 potions of brilliance
 j - 3 potions of cancellation
 m - 3 potions of mutation
 n - 3 potions of magic
 o - 2 potions of heal wounds
 t - a potion of attraction {unknown}
 u - 2 potions of curing
 z - a potion of haste {unknown}
 D - a potion of flight {unknown}
 F - a potion of lignification {unknown}
 I - a potion of resistance
 N - a potion of ambrosia {unknown}


   Skills:
 + Level 8.8 Fighting
 + Level 8.1 Short Blades
 - Level 0.8 Throwing
 - Level 3.5 Dodging
 - Level 5.0 Stealth
 - Level 4.1 Shields
 + Level 7.4 Spellcasting
 + Level 4.9 Conjurations
 - Level 6.6 Translocations
 + Level 4.9 Earth Magic


You had 10 spell levels left.
You knew the following spells:

 Your Spells              Type           Power      Damage    Failure   Level
a - Blink                 Tloc           N/A        N/A       1%          2
b - Gell's Gravitas       Tloc           14%        N/A       2%          3
c - Summon Guardian Gole  Hex/Summ       6%         N/A       32%         3
d - Iron Shot             Conj/Erth      11%        9d3       92%         6

Your spell library contained the following spells:

 Spells                   Type           Power      Damage    Failure   Level
 Lesser Beckoning         Tloc           14%        N/A       2%          3
 Teleport Other           Tloc           28%        N/A       2%          3
 Corona                   Hex            6%         N/A       11%         1
 Dazzling Flash           Conj/Hex       28%        N/A       12%         3
 Ensorcelled Hibernation  Hex/Ice        12%        N/A       17%         2
 Manifold Assault         Tloc           28%        N/A       21%         5
 Tukima's Dance           Hex            6%         N/A       32%         3
 Sticky Flame             Conj/Fire      14%        2d4       36%         4
 Olgreb's Toxic Radiance  Pois           6%         N/A       73%         4
 Agony                    Necr           6%         N/A       97%         5
 Silence                  Hex/Air        3%         N/A       97%         5
 Starburst                Conj/Fire      7%         8x6d4     99%         6
 Ozocubu's Refrigeration  Ice            3%         4d5       100%        7
 Ignition                 Fire           3%         3d4       100%        8


Dungeon Overview and Level Annotations

Branches:
Dungeon (10/15)            Temple (1/1) D:6            Lair (2/6) D:8
  Sewer (visited)
  Swamp: Lair:2-4    Shoals: Lair:2-4     Snake: Lair:2-4    Spider: Lair:2-4
    Orc: D:9-12

Altars:
Ashenzari
Cheibriados
Dithmenos
Elyvilon
Fedhas
Gozag
Hepliaklqana
Kikubaaqudgha
Makhleb
Nemelex Xobeh
Okawaru
Qazlal
Ru
Sif Muna
Trog
Uskayaw
Vehumet
Wu Jian
Xom
Yredelemnul
Zin
The Shining One

Shops:
D:1 (   D:3 [

Annotations:
Lair:1 Gastronok


Innate Abilities, Weirdness & Mutations

You can breathe blasts of fire.
Your fiery red scales are hard. (AC +7)
You cannot fit into any form of body armour.
Your flesh is heat resistant. (rF+)
You are cold-blooded and may be slowed by cold attacks.


Message History

You hit the polar bear but do no damage.
The polar bear is heavily wounded.
You hit the polar bear.
The polar bear is heavily wounded.
The polar bear bites you but does no damage.
The polar bear barely misses you. The polar bear misses you.
You closely miss the polar bear.
The polar bear is heavily wounded.
The polar bear bites you!
* * * LOW HITPOINT WARNING * * *
You block the polar bear's attack. The polar bear barely misses you.
You barely miss the polar bear.
The polar bear is heavily wounded.
You hit the polar bear.
The polar bear is severely wounded.
The polar bear bites you!
* * * LOW HITPOINT WARNING * * *
The polar bear barely misses you. The polar bear misses you.
You hit the polar bear but do no damage.
The polar bear is severely wounded.
You hit the polar bear.
The polar bear is severely wounded.
The polar bear misses you. You block the polar bear's attack.
The polar bear claws you but does no damage.
You closely miss the polar bear.
The polar bear is severely wounded.
The polar bear bites you.
* * * LOW HITPOINT WARNING * * *
The polar bear claws you but does no damage.
You block the polar bear's attack.
You barely miss the polar bear.
The polar bear is severely wounded.
You hit the polar bear. You freeze the polar bear.
The polar bear is severely wounded.
The polar bear goes berserk!
You barely miss the polar bear.
The polar bear is severely wounded.
You block the polar bear's attack. The polar bear barely misses you.
The polar bear claws you.
You die...

... .. ..... ... ..
#..... ....
..##...8.. #.P..
.#.......
.....##......####..
#..#...8..#.#..#.
.8.#..h..?.......##.
.......@............
.>....8.>.8..8......
....................
.8.#.............#
## ##...8....#..#
###.......##..
##........#
###รท..8...+
#..#......#.


You could see a polar bear (berserk).

Vanquished Creatures
  Harold (D:7)
  A hydra (Lair:2)
  A two-headed ogre (D:7)
  A troll (D:8)
  A shadow (D:9)
  A wraith (D:9)
  A basilisk (Lair:2)
  11 yaks
  A vampire mosquito (D:10)
  A steam dragon (D:7)
  A water moccasin (D:6)
  5 orc warriors
  4 ice beasts
  2 black bears
  2 necrophages (D:5)
  4 ogres
  3 sky beasts
  3 wolves (D:8)
  A boggart (D:10)
  7 centaurs
  A phantom (D:5)
  A kobold brigand (Sewer)
  5 bullfrogs
  2 gnoll sergeants (D:6)
  2 scorpions
  A wyvern skeleton (D:7)
  2 water moccasin skeletons
  11 wights
  4 killer bees
  5 electric eels
  2 howler monkeys
  3 centaur zombies
  A bullfrog zombie (D:5)
  2 gnoll shamans (D:7)
  3 orc priests
  3 hounds (D:8)
  A bullfrog skeleton (D:6)
  3 iguanas
  10 orc wizards
  A killer bee zombie (D:5)
  2 human simulacra (D:9)
  A hound zombie (D:5)
  A hound skeleton (D:5)
  10 adders
  19 gnolls
  10 river rats
  2 worms (D:3)
  36 orcs
  3 bats
  7 endoplasms
  6 giant cockroaches
  3 goblins
  4 hobgoblins
  10 jackals
  24 kobolds
  7 quokkas
  10 ball pythons
  7 frilled lizards
  25 rats
302 creatures vanquished.

Vanquished Creatures (others)
  An unseen horror (D:10)
  A yak (D:10)
  A howler monkey (D:10)
  3 fungi
  2 plants (Lair:2)
8 creatures vanquished.

Grand Total: 310 creatures vanquished

Notes
Turn   | Place    | Note
-------+----------+-------------------------------------------
     0 | D:1      | ZombieSheep the Draconian Warper began the quest for the
                  | Orb.
     0 | D:1      | Reached XP level 1. HP: 17/17 MP: 3/3
   176 | D:1      | Reached XP level 2. HP: 20/25 MP: 5/5
   325 | D:1      | Learned a level 2 spell: Blink
   537 | D:1      | Found a faded altar of an unknown god.
   559 | D:1      | Reached XP level 3. HP: 30/30 MP: 6/6
   610 | D:1      | Found Yluest's Antique Weapon Shoppe.
  1233 | D:2      | Reached skill level 1 in Stealth
  1237 | D:2      | Learned a level 3 spell: Gell's Gravitas
  1421 | D:2      | Reached XP level 4. HP: 37/37 MP: 7/7
  2149 | D:3      | Found a glowing drain.
  2207 | Sewer    | Entered a sewer
  2385 | Sewer    | Reached XP level 5. HP: 44/45 MP: 9/9
  2913 | Sewer    | Reached XP level 6. HP: 46/51 MP: 10/10
  3615 | D:3      | Found Hoilusut's Armour Shoppe.
  3624 | D:3      | Bought a +0 pair of boots for 63 gold pieces
  4769 | D:5      | Entered Level 5 of the Dungeon
  5562 | D:5      | Your scales start taking on a fiery red colour.
  5562 | D:5      | Reached XP level 7. HP: 38/59 MP: 12/12
  5562 | D:5      | Gained mutation: Your flesh is heat resistant. (rF+) [Red
                  | Draconian growth]
  5836 | D:6      | Reached skill level 5 in Translocations
  6051 | D:6      | Reached XP level 8. HP: 49/67 MP: 6/14
  6173 | D:6      | Reached skill level 5 in Fighting
  6402 | D:6      | Found a staircase to the Ecumenical Temple.
  6420 | Temple   | Entered the Ecumenical Temple
  6719 | D:6      | Reached skill level 5 in Short Blades
  7094 | D:6      | Noticed a +0 falchion
  7095 | D:6      | Noticed a +0 spear
  7098 | D:6      | Noticed a +0 short sword
  7105 | D:6      | Reached skill level 5 in Spellcasting
  7107 | D:6      | Noticed a +0 short sword
  7107 | D:6      | Noticed a +0 spear
  7111 | D:6      | Noticed a +0 falchion
  7115 | D:6      | Noticed a +0 dagger
  7120 | D:6      | Noticed a +0 dagger
  7274 | D:6      | Reached skill level 5 in Stealth
  7274 | D:6      | Reached XP level 9. HP: 49/75 MP: 16/16
  7623 | D:6      | Found a hide-covered altar of Uskayaw.
  8004 | D:5      | Reached skill level 1 in Shields
  8576 | D:5      | Identified a scroll of acquirement
  8576 | D:5      | Acquired Topsuaro's Compendium of the Hurtful Entourage
  8745 | D:5      | Learned a level 3 spell: Summon Guardian Golem
  8752 | D:5      | Learned a level 6 spell: Iron Shot
  8816 | D:7      | Noticed Harold
  9037 | D:7      | Reached skill level 1 in Conjurations
  9037 | D:7      | Reached skill level 1 in Earth Magic
  9200 | D:7      | Killed Harold
  9201 | D:7      | Reached XP level 10. HP: 38/86 MP: 17/19
 10036 | D:8      | Noticed a two-headed ogre
 10271 | D:7      | Killed a two-headed ogre
 10962 | D:8      | Found a staircase to the Lair.
 12052 | D:9      | Found a blossoming altar of Fedhas.
 12056 | D:9      | Found a hazy altar of Hepliaklqana.
 12061 | D:9      | Became a worshipper of Hepliaklqana the Forgotten
 12064 | D:9      | Found a basalt altar of Yredelemnul.
 12568 | D:10     | Entered Level 10 of the Dungeon
 12887 | D:10     | Found a shimmering altar of Xom.
 13202 | D:10     | Reached XP level 11. HP: 79/85 MP: 21/21
 14242 | Lair:1   | Entered Level 1 of the Lair of Beasts
 14412 | Lair:1   | Noticed a six-headed hydra
 14421 | Lair:1   | Noticed Gastronok
 14704 | Lair:2   | Noticed a six-headed hydra
 14720 | Lair:2   | Killed a four-headed hydra
 14849 | Lair:2   | HP: 4/95 [polar bear (2)]
 14852 | Lair:2   | Slain by a polar bear

Illustrated notes

Levels and vault maps discovered:
D:1:      dpeg_arrival_central, layout_basic, serial_co_window_serial,
          co_window_paths_b, co_window_corner_a, co_window_paths_a,
          co_window_paths_b, co_window_paths_b, co_window_unsneaky_path_d,
          co_window_corner_cb, co_window_corner_ca, co_window_2corner,
          glass_columns_a, hellmonk_ecumenical_altar_arch_garden, serial_shops,
          shop
D:2:      layout_loops_corners
D:3:      layout_basic, portal_sewer_entry_e, serial_shops,
          nicolae_lakefront_shop
D:4:      layout_loops_cross
D:5:      layout_rooms
D:6:      layout_loops_ring, nicolae_uskayaw_en_pointe,
          minmay_temple_entry_fiery, grunt_ministairs_13, nicolae_lava_and_water
D:7:      layout_gridville, uniq_harold
D:8:      layout_cave_pools, erik_lair_island, feat_on_display
D:9:      layout_roguey, minitemple, bh_circular_ruins
D:10:     layout_rooms, xom_confusion_cloud
Temple:   minmay_crystal_spiral_temple
Lair:1:   layout_regular_city, basic_altar, portal_ice_cave_entry_pillars_1,
          cheibrodos_lair_lostbears, uniq_gastronok
Lair:2:   layout_gridlike, nicolae_swamp_entry_splash_gauntlet,
          grunt_megastairs_3

Skill      XL: |  1  2  3  4  5  6  7  8  9 10 11 |
---------------+----------------------------------+-----
Stealth        | 1 2 3 5 |  5.0
Fighting       | 3 4 6 7 8 |  8.8
Short Blades   | 3 4 5 6 7 8 |  8.1
Spellcasting   | 3 4 5 6 7 |  7.4
Translocations | 4 5 6 |  6.6
Shields        | 3 4 |  4.1
Conjurations   | 2 4 |  4.9
Earth Magic    | 2 4 |  4.9
Dodging        | 3 |  3.5
Throwing       | |  0.8

Action                   |  1- 3 |  4- 6 |  7- 9 | 10-12 || total
-------------------------+-------+-------+-------+-------++-------
Melee: Dagger            |    89 |   349 |   337 |   551 ||  1326
       Tailslap          |     4 |    18 |    43 |    73 ||   138
       Hand axe          |       |       |       |     2 ||     2
Throw: Boomerang         |       |       |     1 |       ||     1
       Throwing net      |       |       |       |     2 ||     2
 Cast: Gell's Gravitas   |       |     7 |    32 |    56 ||    95
       Blink             |       |     1 |       |    14 ||    15
 Abil: Breathe Fire      |       |       |    11 |    25 ||    36
  Use: Scroll            |     1 |     7 |     4 |    10 ||    22
       Potion            |       |       |     3 |       ||     3
 Stab: Sleeping          |     5 |     2 |     5 |     1 ||    13
       Distracted        |       |       |     2 |       ||     2
Armor: Skin              |    18 |    82 |    81 |   121 ||   302
Dodge: Dodged            |    50 |   205 |   178 |   217 ||   650
Block: Buckler           |       |       |       |   192 ||   192
       Reflection        |       |       |       |     3 ||     3
